 Dungeon Crawl Stone Soup version 0.32-a0-42-ga30500b4d3 (webtiles) character file.

Game seed: 8869000808483753877

7 TyroneBologna the Twirler (level 2, -1/17 HPs)
             Began as a Gargoyle Gladiator on Jan 31, 2024.
             Killed from afar by Terence (6 damage)
             ... with a puff of flame
             ... on level 2 of the Dungeon.
             The game lasted 00:09:11 (266 turns).

TyroneBologna the Twirler (Gargoyle Gladiator)       Turns: 266, Time: 00:09:12

Health: -1/17      AC:  6    Str: 17    XL:     2   Next: 0%
Magic:  2/2        EV: 12    Int:  8    God:
Gold:   9          SH:  0    Dex: 11    Spells: 1/1 levels left

rFire   . . .        a - +0 quarterstaff
rCold   . . .        (shield currently unavailable)
rNeg    + . .        b - +0 leather armour
rPois   ∞            c - +0 helmet
rElec   +            (no cloak)
rCorr   .            (no gloves)
SInv    .            (no boots)
Will    .....        (no amulet)
Stlth   +            (no ring)
HPRegen 0.22/turn    (no ring)
MPRegen 0.08/turn

%: no passive effects
@: invisible
A: sickness immunity, AC +2, negative energy resistance 1, electricity
resistance, torment resistance 1, petrification resistance
a: no special abilities


You were on level 2 of the Dungeon.
You visited 1 branch of the dungeon, and saw 2 of its levels.

You collected 9 gold pieces.

Inventory:

Hand Weapons
 a - a +0 quarterstaff (weapon)
 h - a +0 flail
 i - a +0 sling
 j - a +0 spear
 k - a +0 long sword
 o - a +0 mace
Missiles
 d - 3 throwing nets (quivered)
 e - a javelin
Armour
 b - a +0 leather armour (worn)
 c - a +0 helmet (worn)
 m - a +0 scale mail
Scrolls
 g - a scroll of acquirement {unknown}
 n - a scroll of blinking {unknown}
Potions
 f - 2 potions of resistance {unknown}
 l - a potion of mutation {unknown}


   Skills:
 + Level 2.1 Fighting
 + Level 3.1 Staves
 + Level 1.7 Throwing
 + Level 2.7 Dodging


You had one spell level left.
You didn't know any spells.
Your spell library was empty.

Dungeon Overview and Level Annotations

Branches:
Dungeon (2/15)

Altars:

Annotations:
D:2 Terence


Innate Abilities, Weirdness & Mutations

You are immune to sickness and miasma.
Your stone body is resilient. (AC +2)
You are immune to poison.
You resist negative energy. (rN+)
You are resistant to electric shocks. (rElec)
You are resistant to unholy torment.
You are immune to petrification.


Message History

You see here a ball python corpse.
The bat hits you but does no damage.
You slash the bat!
You kill the bat!
You have reached level 2!
Unknown command.
Unknown command.
n - a scroll labelled FUJUGA LEEHOH You see here a +0 mace.
o - a +0 mace
a - a +0 quarterstaff (weapon)
Okay, then.
You open the door.
There is an open door here.
You see here a hobgoblin skeleton.
There is a stone staircase leading down here.
You climb downwards.
The hobgoblin shouts!
Found an amethyst potion and a scroll labelled EVAECE JEAME.
There is a stone staircase leading up here.
Terence zaps a wand.
The puff of flame hits you!
You see here an amethyst potion.
You barely miss Terence.
Terence zaps a wand.
The puff of flame hits you.
* * * LOW HITPOINT WARNING * * *
You hit Terence but do no damage. Terence barely misses you.
It was a potion of invisibility.
You fade into invisibility!
Terence barely misses you.
You hit Terence but do no damage. The hobgoblin barely misses you.
Terence closely misses you.
Terence zaps a wand.
The puff of flame hits the hobgoblin!
The hobgoblin dies!
You hit Terence.
Terence is lightly wounded.
Terence misses you.
You hit Terence but do no damage.
Terence is lightly wounded.
Terence zaps a wand.
The puff of flame hits you.
You die...
Terence says, "That felt goooood."

..# ≈ #.# .. #.#
≈≈ #.# ..
#?########## ##.
#...........
###...#...........
....8..<..........
###g..#..†@.......
##. #..@........ #
#............
#............
#............
##...........
#...........
............


You could see Terence (unable to see you).

Vanquished Creatures
  2 ball pythons (D:1)
  A bat (D:1)
  A hobgoblin (D:1)
  3 rats (D:1)
7 creatures vanquished.

Vanquished Creatures (others)
  A hobgoblin (D:2)
1 creature vanquished.

Grand Total: 8 creatures vanquished

Notes
Turn   | Place    | Note
-------+----------+-------------------------------------------
     0 | D:1      | TyroneBologna the Gargoyle Gladiator began the quest for
                  | the Orb.
     0 | D:1      | Reached XP level 1. HP: 12/12 MP: 1/1
    43 | D:1      | Found a faded altar of an unknown god.
    64 | D:1      | Noticed a golden eye
    64 | D:1      | Noticed an eye of devastation
    72 | D:1      | Noticed a glass eye
    75 | D:1      | Noticed a glass eye
   211 | D:1      | Reached XP level 2. HP: 17/17 MP: 2/2
   257 | D:2      | Noticed Terence
   266 | D:2      | Killed from afar by Terence

Illustrated notes

Levels and vault maps discovered:
D:1:      dpeg_arrival_subterranean_lakeside_camping, layout_basic,
          hellmonk_ecumenical_altar_watching_god, kennysheep_boxes
D:2:      layout_basic, serial_undead, serial_undead_b, serial_undead_a,
          serial_undead_a, serial_undead_b, serial_shops,
          nicolae_shop_peninsula, basic_altar, reono_crystal_passage,
          minmay_misc_feat_tower, uniq_terence

Action                     || total
---------------------------++-------
  Melee: Long sword        ||     8
         Quarterstaff      ||    10
         Flail             ||     1
    Use: Potion            ||     1
 Armour: Leather armour    ||    10
  Dodge: Dodged            ||    15

Table legend: (Time is in decaauts)
 A = Elapsed time spent in this place.
 B = Non-inter-level travel time spent in this place.
 C = Inter-level travel time spent in this place.
 D = Time resting spent in this place.
 E = Time spent auto-exploring this place.
 F = Levels seen in this place.
 G = Mean time per level.
                   A        B        C        D        E       F      G
               +--------+--------+--------+--------+--------+-----+--------+
         Total |    269 |     92 |    177 |      0 |      0 |   2 |  134.5 |
       Dungeon |    269 |     92 |    177 |      0 |      0 |   2 |  134.5 |
               +--------+--------+--------+--------+--------+-----+--------+

Top non-repeatable levels by time:
     D:1: 260 daAuts
     D:2: 9 daAuts
